 Dungeon Crawl Stone Soup version 0.22-a0-91-g23542c2 (webtiles) character file.

98 GrunderHorse the Ducker (level 4, -2/37 HPs)
             Began as a Merfolk Monk on Jan 22, 2018.
             Succumbed to an orc wizard's poison
             ... on level 2 of the Dungeon.
             The game lasted 00:06:02 (2400 turns).

GrunderHorse the Ducker (Merfolk Monk)              Turns: 2400, Time: 00:06:02

Health: -2/37      AC:  4    Str: 11    XL:     4   Next: 69%
Magic:  4/4        EV: 15    Int:  9    God:
Gold:   36         SH:  0    Dex: 17    Spells: 3/3 levels left

rFire    . . .     SeeInvis .   a - +0 falchion
rCold    . . .     Gourm    .   (no shield)
rNeg     . . .     Faith    .   n - +0 animal skin
rPois    .         Spirit   .   p - +0 helmet
rElec    .         Reflect  .   (no cloak)
rCorr    .         Harm     .   (no gloves)
MR       .....                  (no boots)
Stlth    ++........             (no amulet)
HPRegen  0.12/turn              j - +1 ring of protection
MPRegen  0.09/turn              (no ring)

@: lethally poisoned (-2 -> -30)
A: change form in water, swift swim, stealthy swim
a: no special abilities


You were on level 2 of the Dungeon.
You were very hungry.

You visited 1 branch of the dungeon, and saw 3 of its levels.

You collected 36 gold pieces.

Inventory:

Hand Weapons
 a - a +0 falchion (weapon)
Missiles
 k - 6 poisoned tomahawks (quivered)
 o - 50 stones
Armour
 b - a +0 robe
 h - a +0 robe
 n - a +0 animal skin (worn)
 p - a +0 helmet (worn)
Jewellery
 j - a +1 ring of protection (left hand)
Scrolls
 d - 3 scrolls of identify
 e - 2 scrolls of blinking
 g - a scroll of teleportation {unknown}
 l - 3 scrolls of remove curse {unknown}
 m - a scroll of fear {unknown}
Potions
 f - 2 potions of brilliance {unknown}
 i - a potion of curing {unknown}
 q - a potion of heal wounds {unknown}
 r - a potion of might {unknown}
 s - a potion of degeneration {unknown}
Comestibles
 c - a ration


   Skills:
 + Level 4.1 Fighting
 + Level 4.1 Long Blades
 * Level 5.2 Dodging
 + Level 2.8 Stealth


You had 3 spell levels left.
You didn't know any spells.

Dungeon Overview and Level Annotations

Branches:
Dungeon (3/15)

Altars:
Elyvilon
Yredelemnul


Message History

* * * LOW HITPOINT WARNING * * *
You are lethally poisoned!
The orc hits you but does no damage.
You are feeling very hungry.
* * * LOW HITPOINT WARNING * * *
You feel sick. The orc wizard closely misses you.
You riposte.
You closely miss the orc wizard.
The orc wizard is lightly wounded.
* * * LOW HITPOINT WARNING * * *
You feel sick.
* * * LOW HITPOINT WARNING * * *
You feel sick.
The orc wizard hits you with a dagger of venom.
* * * LOW HITPOINT WARNING * * *
You are more poisoned.
There is a stone staircase leading up here.
* * * LOW HITPOINT WARNING * * *
You feel sick. The orc wizard misses you.
You climb upwards.
You die...

......# #.# #............#
...##.# #.# ########...##.#.##
#..##.# #.####...###..........#
...##.#####......#.##......#.#.##
...##.#............#.............
...................'.......#.#.#.
...##.#.#####...#.##.........####
......#.# ###..##o###.......## #
#######.# #.....@.# ##.....## #.#
#.#.##### ##...## #.###.#.# ##+##
#.......# #.# #####.### #.# #.#
######.#### #†# #.........# #.#
#.##......# #.#
#####.###...#.#####


You could see an orc wizard.

Vanquished Creatures
  Robin (D:2)
  An adder (D:2)
  3 oozes
  3 worms
  A dart slug (D:1)
  A leopard gecko (D:1)
  A giant cockroach (D:2)
  7 hobgoblins
  4 kobolds
  A ball python (D:2)
  8 bats
  5 frilled lizards
  14 goblins
  3 rats (D:2)
53 creatures vanquished.

Notes
Turn   | Place    | Note
-------+----------+-------------------------------------------
     0 | D:1      | GrunderHorse the Merfolk Monk began the quest for the Orb.
     0 | D:1      | Reached XP level 1. HP: 18/18 MP: 1/1
   164 | D:1      | Reached XP level 2. HP: 20/24 MP: 2/2
   535 | D:1      | Reached XP level 3. HP: 28/30 MP: 3/3
  1113 | D:2      | Noticed Robin
  1122 | D:2      | Reached skill level 5 in Dodging
  1130 | D:2      | Reached XP level 4. HP: 12/37 MP: 4/4
  1145 | D:2      | Killed Robin
  1563 | D:2      | Found a white marble altar of Elyvilon.
  2333 | D:2      | Found a basalt altar of Yredelemnul.
  2400 | D:2      | Succumbed to an orc wizard's poison

Vault maps used:
D:1:      lemuel_arrival_tunnels
D:2:      nicolae_overflow_hidden_temple, lemuel_crystal_altar, st_stairs_13,
          uniq_robin
D:3:      kennysheep_big_flooded_room,
          nicolae_gozag_cash_rules_everything_around_me,
          corexii_leaking_fountain

Skill      XL: |  1  2  3  4 |
---------------+-------------+-----
Dodging        | 5 |  5.2
Fighting       | 4 |  4.1
Long Blades    | 4 |  4.1
Stealth        | |  2.8

Action                   |  1- 3 |  4- 6 || total
-------------------------+-------+-------++-------
Melee: Falchion          |    89 |    82 ||   171
  Use: Scroll            |     1 |       ||     1
 Stab: Sleeping          |     2 |     4 ||     6
  Eat: Chunk             |     1 |     3 ||     4
Armor: Robe              |    17 |     5 ||    22
       Animal skin       |       |    13 ||    13
Dodge: Dodged            |   130 |    82 ||   212
       Rpst.: Falchion   |    42 |    21 ||    63

Table legend:
 A = Spawn XP
 B = Non-spawn XP
 C = Spawn XP percentage of total XP
 D = Spawn monster count
 E = Non-spawn monster count
 F = Spawn count percentage of total count
 G = Total turns spent on level
                    A         B        C        D         E        F      G
               +---------+---------+-------+---------+---------+-------+---------
         Total |       0 |     140 |   0.0 |       0 |      53 |   0.0 |  2400
               +---------+---------+-------+---------+---------+-------+---------
           D:1 |       0 |      43 |   0.0 |       0 |      21 |   0.0 |   819
           D:2 |       0 |      91 |   0.0 |       0 |      30 |   0.0 |  1556
           D:3 |       0 |       6 |   0.0 |       0 |       2 |   0.0 |    25
               +---------+---------+-------+---------+---------+-------+---------
